AoeStats
← moraulises455

Arabia

506244701Analyzed
1v1 RM · 20d ago on Sep 12, 2026· 46m 29s· 2 players
Game mode
Random Map
Map size
Tiny (2 player)
Population
200
Speed
Normal
Resources
Standard
Victory
Conquest
Starting age
Dark Age
Ending age
Imperial Age
RankedLock teamsTeams togetherTeam positionsShared explorationLock speedFull tech treeHidden civsTurbo modeCheats
Victory
Defeat
🇦🇷 Goths · Argentina
657
+17
🇦🇷 Goths · Argentina
688
-19
nestor_bloque
10:33 Feudal Age
10:43 Man-at-Arms
16:17 Forging
16:28 Scale Mail Armor
22:40 Castle Age
20:34 Fletching
25:26 Double-Bit Axe
26:04 Gold Mining
29:25 Wheelbarrow
28:48 Horse Collar
29:36 Scale Barding Armor
30:07 Iron Casting
30:56 Bloodlines
32:39 Chain Barding Armor
34:46 Heavy Plow
36:36 Chain Mail Armor
46:17 Imperial Age
44:04 Hand Cart
43:39 Loom
46:06 Town Watch
46:23 Elite Huskarl
moraulises455
3:14 Loom
9:56 Feudal Age
14:46 Double-Bit Axe
15:12 Man-at-Arms
18:09 Fletching
23:11 Forging
23:48 Wheelbarrow
24:52 Horse Collar
25:35 Town Watch
26:59 Scale Mail Armor
31:53 Castle Age
30:43 Padded Archer Armor
32:26 Long Swordsman
33:45 Iron Casting
33:23 Bow Saw
33:16 Heavy Plow
35:47 Pikeman
40:44 Hand Cart
41:26 Chain Mail Armor
40:54 Elite Skirmisher
46:48 Town Patrol
Connection lost

Rejoining the realm…

Still unreachable

The connection could not be restored.

Session expired

The server has moved on; the page needs a fresh start.